 Dungeon Crawl Stone Soup version 0.30.0-29-ga12c61a403 (webtiles) character file.

Game seed: 3477748469587851413

2914 ChadusMaximus the Cleaver (level 9, -5/81 HPs)
             Began as a Minotaur Fighter on June 11, 2023.
             Was a Follower of Okawaru.
             Slain by a yak (9 damage)
             ... on level 7 of the Dungeon.
             The game lasted 00:06:10 (6616 turns).

ChadusMaximus the Cleaver (Minotaur Fighter)        Turns: 6616, Time: 00:06:11

Health: -5/81      AC:  8    Str: 25    XL:     9   Next: 50%
Magic:  10/10      EV:  9    Int:  5    God:    Okawaru [*.....]
Gold:   272        SH:  6    Dex: 10    Spells: 8/8 levels left

rFire   . . .        a - +0 war axe
rCold   . . .        c - +1 buckler
rNeg    . . .        b - +0 scale mail
rPois   .            (helmet restricted)
rElec   .            (no cloak)
rCorr   .            (no gloves)
SInv    .            (no boots)
Will    .....        (no amulet) Stlth
                     (no ring)
HPRegen 0.33/turn    (no ring)
MPRegen 0.12/turn

%: no passive effects
@: no status effects
A: horns 2, retaliatory headbutt
a: Renounce Religion, Heroism


You were on level 7 of the Dungeon.
You worshipped Okawaru.
Okawaru was aware of your devotion.
You visited 2 branches of the dungeon, and saw 8 of its levels.
You also visited: Sewer.

You collected 272 gold pieces.

Inventory:

Hand Weapons
 a - a +0 war axe (weapon)
 i - a +0 halberd
Armour
 b - a +0 scale mail (worn)
 c - a +1 buckler (worn)
Jewellery
 n - a ring of magical power
 s - a ring of flight
 y - a ring of positive energy
Wands
 x - a wand of light (15)
Scrolls
 e - a scroll of acquirement {unknown}
 f - a scroll of amnesia
 h - 3 scrolls of enchant armour
 j - a scroll of teleportation
 m - 3 scrolls of fear
 q - a scroll of magic mapping
 t - a scroll of brand weapon {unknown}
 u - a scroll of immolation {unknown}
Potions
 d - a potion of might
 g - 2 potions of heal wounds
 k - 4 potions of curing
 l - 6 potions of mutation {unknown}
 o - 2 potions of lignification {unknown}
 p - 4 potions of flight
 r - 2 potions of brilliance {unknown}
 v - a potion of degeneration {unknown}
 w - 2 potions of invisibility {unknown}


   Skills:
 + Level 7.8 Fighting
 + Level 9.4 Axes
 + Level 8.0 Armour
 + Level 7.8 Shields
 * Level 3.5 Invocations


You had 8 spell levels left.
You didn't know any spells.
Your spell library contained the following spells:

 Spells                   Type           Power      Damage    Failure   Level
 Apportation              Tloc           0%         N/A       78%         1
 Alistair's Intoxication  Tmut/Pois      0%         N/A       100%        5


Dungeon Overview and Level Annotations

Branches:
Dungeon (7/15)             Temple (1/1) D:6           Sewer (visited)

Altars:
Ashenzari
Cheibriados
Dithmenos
Elyvilon
Fedhas
Gozag
Hepliaklqana
Makhleb
Nemelex Xobeh
Okawaru
Sif Muna
Uskayaw
Vehumet
Xom
Yredelemnul
The Shining One

Annotations:
D:5 1 runed translucent door, Tinylith's ghost, novice MiFi


Innate Abilities, Weirdness & Mutations

You have a pair of horns on your head.
You reflexively headbutt those who attack you in melee.


Message History

Unknown command.
You slice the yak!!
You kill the yak!
Okawaru accepts your kill.
You barely miss the yak. The yak completely misses you.
You furiously retaliate!
You headbutt the yak.
Your Armour skill increases to level 8!
You barely miss the yak.
The yak is moderately wounded.
The yak closely misses you. You furiously retaliate!
You headbutt the yak.
Unknown command.
You hit the yak.
The yak is moderately wounded.
The yak gores you but does no damage.
You hit the yak.
The yak is heavily wounded.
You block the yak's attack.
Unknown command.
You slash the yak!
The yak is severely wounded.
You block the yak's attack.
You hit the yak but do no damage.
The yak is severely wounded.
The yak gores you.
* * * LOW HITPOINT WARNING * * *
You barely miss the yak. Your headbutt misses the yak.
The yak is severely wounded.
You block the yak's attack.
You slash the yak!
The yak is almost dead.
The yak gores you!
* * * LOW HITPOINT WARNING * * *
You barely miss the yak.
The yak is almost dead.
The yak gores you but does no damage.
Unknown command.
You hit the yak but do no damage.
The yak is almost dead.
The yak gores you!
You die...

###..####+#############
......Y.Y.............#.....
........YY............#.....
#'#####.####Y###.##..##...#
#...########.###.##..##...####
.#).........Y.#...).........<#
#.............'...)..........#
#..)##..###..###+##..........#
#.....+####..##.@##..........+
.###............Y##..##..>..##
#..)#............##..##...[.#
#...###..............#......#
#...#..#.............#......+
.###...#.##..###.######.##..#
.#.....#.....###.##########+#
#...###........#........#
...#...#.......'....#...#


You could see a yak.

Vanquished Creatures
  5 yaks (D:7)
  2 water moccasins
  A black bear (D:6)
  A sky beast (D:6)
  An ogre (D:5)
  2 phantoms
  A centaur (D:4)
  2 kobold brigands (Sewer)
  2 scorpions
  3 wights (D:4)
  A howler monkey (D:4)
  2 jellies
  7 hounds
  2 sleepcaps
  3 iguanas
  10 orc wizards
  10 gnolls
  6 adders
  3 river rats
  2 shadow imps
  5 worms
  4 dart slugs
  31 orcs
  4 ball pythons
  4 bats
  6 endoplasms
  7 goblins
  4 hobgoblins
  5 jackals
  2 quokkas
  3 frilled lizards
  12 kobolds
  11 rats
164 creatures vanquished.

Notes
Turn   | Place    | Note
-------+----------+-------------------------------------------
     0 | D:1      | ChadusMaximus the Minotaur Fighter began the quest for the
                  | Orb.
     0 | D:1      | Reached XP level 1. HP: 19/19 MP: 0/0
   182 | D:1      | Reached XP level 2. HP: 27/27 MP: 1/1
   330 | D:1      | Reached skill level 3 in Axes
   496 | D:2      | Reached XP level 3. HP: 13/33 MP: 2/2
   919 | D:2      | Reached XP level 4. HP: 40/40 MP: 3/3
  1255 | D:3      | Reached skill level 4 in Axes
  1283 | D:3      | Found a hide-covered altar of Uskayaw.
  1325 | D:3      | Reached XP level 5. HP: 34/47 MP: 4/4
  1359 | D:3      | Found a glowing drain.
  1408 | Sewer    | Entered a sewer
  1603 | Sewer    | Reached skill level 5 in Axes
  1605 | Sewer    | Reached skill level 5 in Fighting
  1605 | Sewer    | Reached skill level 5 in Armour
  1605 | Sewer    | Reached skill level 5 in Shields
  1605 | Sewer    | Reached XP level 6. HP: 4/56 MP: 5/5
  1802 | Sewer    | Found a glowing silver altar of Zin.
  1954 | D:3      | Found a faded altar of an unknown god.
  1959 | D:3      | Found a shimmering altar of Xom.
  2027 | D:3      | Found a basalt altar of Yredelemnul.
  2195 | D:3      | Identified the +3 whip of the Endless Expanse {spect, rPois
                  | rCorr Str-5}
  2323 | D:3      | Found a faded altar of an unknown god.
  2917 | D:4      | Reached skill level 6 in Axes
  2917 | D:4      | Reached XP level 7. HP: 20/56 MP: 6/6
  3393 | D:4      | Found a burning altar of Makhleb.
  3789 | D:5      | Entered Level 5 of the Dungeon
  3833 | D:5      | Reached skill level 7 in Axes
  4021 | D:5      | Reached XP level 8. HP: 59/70 MP: 7/7
  4441 | D:5      | Found a glowing golden altar of the Shining One.
  4464 | D:5      | Found a runed translucent door.
  4464 | D:5      | Noticed Tinylith's ghost (novice MiFi)
  5204 | D:6      | Reached skill level 8 in Axes
  5478 | D:6      | Found a staircase to the Ecumenical Temple.
  5504 | Temple   | Entered the Ecumenical Temple
  5546 | Temple   | Became a worshipper of Warmaster Okawaru
  5675 | D:6      | Found a snail-covered altar of Cheibriados.
  5755 | D:6      | Reached skill level 9 in Axes
  5849 | D:6      | Reached skill level 1 in Invocations
  6149 | D:7      | Reached XP level 9. HP: 79/79 MP: 8/8
  6164 | D:7      | Identified the +1 chain mail of Nanaagom {-Tele Contam
                  | rPois Will+ Int+7}
  6604 | D:7      | Reached * piety under Okawaru
  6614 | D:7      | HP: 3/81 [yak (13)]
  6616 | D:7      | Slain by a yak

Illustrated notes

Levels and vault maps discovered:
D:1:      wander_arrival_chamber, layout_rooms, chequers_mini_garden
D:2:      layout_rooms
D:3:      layout_rooms, lemuel_tele_altar, nicolae_overflow_ecumenical_swirl,
          lemuel_coloured_pillars_altar, portal_sewer_entry_c,
          ebering_ecumenical_altar_sacrificial, minmay_misc_feat_tiny
D:4:      layout_loops_ring, mainiacjoe_overflow_alcove_1
D:5:      layout_basic, kennysheep_little_box, gammafunk_ghost_grave,
          st_stairs_8
D:6:      layout_basic, kennysheep_slug_shrine, minmay_temple_entry_grid,
          patterned_corridor
D:7:      layout_gridville, zin_angel, mainiacjoe_overflow_alcove_4,
          nicolae_qazlal_scattered_showers, serial_shops, shop, nicolae_titane
Temple:   nicolae_temple_ecumenical_triangle

Skill      XL: |  1  2  3  4  5  6  7  8  9 |
---------------+----------------------------+-----
Axes           | 3 4 5 6 7 9 |  9.4
Shields        | 4 5 6 7 |  7.8
Fighting       | 4 5 6 7 |  7.8
Armour         | 4 5 6 7 8 |  8.0
Invocations    | 1 3 |  3.5

Action                     |  1- 3 |  4- 6 |  7- 9 || total
---------------------------+-------+-------+-------++-------
  Melee: War axe           |    53 |   157 |   224 ||   434
         Headbutt          |     4 |    23 |    35 ||    62
    Use: Scroll            |       |       |     5 ||     5
 Armour: Scale mail        |    30 |    67 |    87 ||   184
  Dodge: Dodged            |    53 |    90 |   105 ||   248
  Block: Buckler           |    14 |    35 |    71 ||   120
